cohdb
Replays
Latest Replays
All Replays
Popular Replays
Top Player Replays
Match Explorer
How It Works
Community
CoH3 Stats
Reddit
Sign in to upload your games and track your stats! →
Sign in with Steam
Match 46079920
Unlisted
Match 46079920
Overview
Messages
Build Orders
End
Kradschützen Motorcycle Team
Panzergrenadier Squad
Selects Armored Support Battlegroup
Panzergrenadier Squad
Panzergrenadier Squad
Construct Light Support Kompanie
MG34 Team
Fire Support Elements
Pak 38 Anti-tank Gun Team
2.5-tonne Medical Truck
Pak 38 Mechanized Group
Tungsten Core Ammunition
Construct Panzerarmee Kommand
Walking Stuka Rocket Launcher
Selects Salvage Kits
Selects Panzer Storm
Pak 38 Mechanized Group
Flakvierling Half-track
Vehicle Survival Package
Selects Stuka Anti-tank Loiter
Armored Reserves
Emergency Repair Kits
Stuka Anti-tank Loiter
UH|dun! ツ
UH|ck
iceman
Cjoffrey
Mowgli01
darkGweni
0
0
Comments
sign in to comment!
No comments posted yet!